 Dungeon Crawl Stone Soup version 0.27.1-34-g3ba077fa99 (webtiles) character file.

Game seed: 18128284499446300964

167 4FPSwarrior the Distorting Demonspawn (level 5, -4/42 HPs)
             Began as a Demonspawn Abyssal Knight on Jan 2, 2022.
             Was a Believer of Lugonu.
             Splashed by a jelly's acid (8 damage)
             ... on level 4 of the Dungeon.
             The game lasted 00:06:18 (3888 turns).

4FPSwarrior the Distorting Demonspawn (DsAK)        Turns: 3888, Time: 00:06:19

Health: -4/42      AC:  7    Str: 13    XL:     5   Next: 23%
Magic:  8/8        EV: 10    Int: 14    God:    Lugonu [**....]
Gold:   147        SH:  0    Dex: 12    Spells: 4/5 levels left

rFire    . . .     SeeInvis .   a - +1 falchion
rCold    . . .     Faith    .   (no shield)
rNeg     . . .     Spirit   .   j - +0 ring mail
rPois    .         Reflect  .   (no helmet)
rElec    .         Harm     .   e - +0 cloak
rCorr    .         Rampage  .   g - +0 pair of gloves
Will     .....                  (no boots)
Stlth    +.........             (no amulet)
HPRegen  0.14/turn              k - ring of flight
MPRegen  0.11/turn              (no ring)

@: flying
A: talons 1
a: Renounce Religion, Depart the Abyss, Bend Space


You were on level 4 of the Dungeon.
You worshipped Lugonu.
Lugonu was pleased with you.
You visited 1 branch of the dungeon, and saw 4 of its levels.
You visited the Abyss 1 time.

You collected 147 gold pieces.

Inventory:

Hand Weapons
 a - a +1 falchion (weapon)
Missiles
 c - 32 stones
 d - 32 poisoned darts (quivered)
Armour
 b - a +0 leather armour
 e - a +0 cloak (worn)
 g - a +0 pair of gloves (worn)
 j - a +0 ring mail (worn)
Jewellery
 k - a ring of flight (left hand)
Scrolls
 h - a scroll of identify
 i - a scroll of teleportation
 l - a scroll of magic mapping
 m - a scroll of amnesia {unknown}
 q - a scroll of enchant armour {unknown}
Potions
 f - a potion of curing
 n - a potion of heal wounds {unknown}
 o - a potion of ambrosia {unknown}
 p - a potion of degeneration {unknown}


   Skills:
 + Level 4.1 Fighting
 + Level 3.0 Long Blades
 - Level 1.7 Armour
 - Level 0.8 Dodging
 + Level 0.6 Spellcasting
 + Level 0.7 Necromancy
 + Level 4.3 Invocations


You had 4 spell levels left.
You knew the following spells:

 Your Spells              Type           Power      Damage    Failure   Level
a - Pain                  Necr           8%         1d4       38%         1

Your spell library contained the following spells:

 Spells                   Type           Power      Damage    Failure   Level
 Agony                    Necr           2%         N/A       100%        5
 Excruciating Wounds      Necr           1%         N/A       100%        5


Dungeon Overview and Level Annotations

Branches:
Dungeon (4/15)
 Temple: D:4-7

Altars:
Sif Muna
Xom

Annotations:
D:2 Sigmund


Innate Abilities, Weirdness & Mutations

You have sharp toenails.


Message History

Aim: a jelly (89% to hit)
You throw a poisoned dart. The poisoned dart hits the jelly.
The jelly is poisoned.
Unknown command.
Throw: 35 darts (poison)
Press: ? - help, Q - select action, (/) - cycle Shift-Dir - straight line, f/p - jelly
Aim: a jelly (lightly wounded, poisoned, 89% to hit)
You throw a poisoned dart. The poisoned dart hits the jelly.
The jelly is lightly wounded.
Throw: 34 darts (poison)
Press: ? - help, Q - select action, (/) - cycle Shift-Dir - straight line, f/p - jelly
Aim: a jelly (lightly wounded, poisoned, 89% to hit)
You throw a poisoned dart. The poisoned dart hits the jelly.
The jelly looks even sicker.
The jelly is lightly wounded.
Throw: 33 darts (poison)
Press: ? - help, Q - select action, (/) - cycle Shift-Dir - straight line, f/p - jelly
Aim: a jelly (lightly wounded, very poisoned, 89% to hit)
You throw a poisoned dart. The poisoned dart hits the jelly.
The jelly is lightly wounded.
You hit the jelly but do no damage.
Your hands burn!
The jelly is lightly wounded.
The jelly hits you. The acid corrodes you!
You are splashed with acid!
You barely miss the jelly.
The jelly is lightly wounded.
The jelly hits you. The acid corrodes you!
You are splashed with acid!
You hit the jelly but do no damage.
Your hands burn!
The jelly is moderately wounded.
The jelly hits you.
You are splashed with acid!
* * * LOW HITPOINT WARNING * * *
The jelly looks more healthy.
The jelly closely misses you.
You riposte.
You hit the jelly but do no damage.
The jelly is moderately wounded.
There is an open door here.
You are no longer corroded.
There is a stone staircase leading up here.
The jelly hits you.
* * * LOW HITPOINT WARNING * * *
You are splashed with acid!
You die...

### #.######
#....J@#
#.###### #.#
#.# #.# #.#
###.### #.....#
***************
#.)...#
*,,,,,>,,,,,,,,


You could see a jelly.

Vanquished Creatures
  An orc priest (D:4)
  A hound (D:4)
  A killer bee zombie (D:3)
  A gnoll (D:4)
  An adder (D:4)
  An adder skeleton (D:4)
  A worm (D:3)
  2 dart slugs (D:1)
  7 orcs
  10 ball pythons
  4 endoplasms
  A giant cockroach (D:1)
  2 goblins
  4 hobgoblins
  4 kobolds
  2 quokkas
  4 bats
  5 frilled lizards
  3 rats
55 creatures vanquished.

Notes
Turn   | Place    | Note
-------+----------+-------------------------------------------
     0 | Abyss:1  | 4FPSwarrior the Demonspawn Abyssal Knight began the quest
                  | for the Orb.
     0 | Abyss:1  | Reached XP level 1. HP: 18/18 MP: 2/2
    17 | Abyss:1  | Found a corrupted altar of Lugonu.
   142 | D:1      | Escaped the Abyss
   394 | D:1      | Gained mutation: You have sharp toenails. [demonic
                  | ancestry]
   394 | D:1      | Reached XP level 2. HP: 24/24 MP: 4/4
  1210 | D:2      | Noticed Sigmund
  1352 | D:2      | Reached XP level 3. HP: 26/29 MP: 5/5
  2307 | D:3      | Found a shimmering altar of Xom.
  2495 | D:3      | Found a shimmering blue altar of Sif Muna.
  2831 | D:3      | Reached ** piety under Lugonu
  2835 | D:3      | Reached XP level 4. HP: 35/37 MP: 6/6
  3276 | D:4      | Learned a level 1 spell: Pain
  3293 | D:4      | Reached XP level 5. HP: 23/42 MP: 8/8
  3456 | D:4      | Noticed a black bear
  3856 | D:4      | HP: 2/42 [acid (12)]
  3888 | D:4      | Splashed by a jelly's acid

Illustrated notes

Levels and vault maps discovered:
D:1:      scummos_arrival_forest, layout_basic
D:2:      layout_rooms, uniq_sigmund
D:3:      layout_loops_corners, old_standard_altar, old_standard_altar
D:4:      layout_basic

Skill      XL: |  1  2  3  4 |
---------------+-------------+-----
Long Blades    | 2 3 |  3.0
Invocations    | 3 4 |  4.3
Fighting       | 4 |  4.1
Armour         | |  1.7
Dodging        | |  0.8
Spellcasting   | |  0.6
Necromancy     | |  0.7

Action                   |  1- 3 |  4- 6 || total
-------------------------+-------+-------++-------
Melee: Falchion          |   100 |    40 ||   140
       Kick              |    15 |    12 ||    27
Throw: Dart              |     4 |     9 ||    13
  Use: Scroll            |       |     3 ||     3
Armor: Leather armour    |    31 |     5 ||    36
       Ring mail         |       |    14 ||    14
Dodge: Dodged            |    58 |    21 ||    79
       Rpst.: Falchion   |    27 |    10 ||    37
